 Dungeon Crawl Stone Soup version 0.32-a0-928-g1cae6b7ea0 (webtiles) character file.

Game seed: 10533100511474903694

49242 wilfster70 the Prestidigitator (level 14, 0/83 HPs)
             Began as a Gargoyle Earth Elementalist on Apr 12, 2024.
             Was an Initiate of Gozag.
             Shot with an arrow by Nessos (18 damage)
             ... on level 5 of the Lair of Beasts.
             The game lasted 01:03:44 (24264 turns).

wilfster70 the Prestidigitator (GrEE)              Turns: 24264, Time: 01:03:44

Health: 0/83       AC: 26    Str: 13    XL:     14   Next: 49%
Magic:  4/26       EV: 10    Int: 20    God:    Gozag
Gold:   2388       SH:  5    Dex: 10    Spells: 13/29 levels left

rFire   . . .        a - +4 trident (protect)
rCold   . . .        z - +0 buckler
rNeg    + . .        C - +2 steam dragon scales
rPois   ∞            G - +0 helmet
rElec   +            o - +2 cloak {rCorr}
rCorr   +            x - +0 pair of gloves {hurl}
SInv    +            (no boots)
Will    +....        (no amulet)
Stlth   ++           t - ring of see invisible
HPRegen 0.33/turn    u - +4 ring of protection
MPRegen 0.20/turn

%: no passive effects
@: about to teleport, flying
A: sickness immunity, AC +10, big wings, negative energy resistance 1,
electricity resistance, torment resistance 1, petrification resistance
a: Renounce Religion, Potion Petition, Call Merchant, Bribe Branch


You were on level 5 of the Lair of Beasts.
You worshipped Gozag.
Gozag was most pleased with you.
You visited 3 branches of the dungeon, and saw 18 of its levels.

You collected 5451 gold pieces.
You spent 1508 gold pieces at shops.
You paid 1555 gold pieces to Gozag.

Inventory:

Hand Weapons
 a - a +4 trident of protection (weapon)
Missiles
 b - 4 throwing nets
 H - 5 poisoned darts
Armour
 o - a +2 cloak of preservation (worn)
 x - a +0 pair of gloves of hurling (worn)
 z - a +0 buckler (worn)
 C - +2 steam dragon scales (worn)
 G - a +0 helmet (worn)
Jewellery
 e - a ring of protection from fire
 i - a ring of willpower
 t - a ring of see invisible (left hand)
 u - a +4 ring of protection (right hand)
 B - a ring of wizardry
 L - a ring of flight
Wands
 n - a wand of digging (10)
 F - a wand of warping (20)
 I - a wand of mindburst (11)
 K - a wand of charming (3)
 N - a wand of flame (12)
 P - a wand of polymorph (8)
 S - a wand of light (3)
Scrolls
 d - 2 scrolls of immolation
 f - 4 scrolls of poison
 q - 3 scrolls of teleportation
 s - a scroll of revelation
 A - a scroll of fog
 M - 2 scrolls of vulnerability
 Q - a scroll of enchant armour
 T - a scroll of fear
Potions
 c - 3 potions of ambrosia
 g - 4 potions of heal wounds
 h - 3 potions of mutation
 k - 6 potions of curing
 l - 3 potions of berserk rage
 m - 2 potions of resistance
 p - 6 potions of haste
 v - 2 potions of might
 w - a potion of attraction {unknown}
 y - 3 potions of brilliance
 D - 3 potions of lignification
 E - a potion of invisibility {unknown}
 O - a potion of enlightenment {unknown}
 R - 2 potions of magic


   Skills:
 + Level 7.7 Fighting
 - Level 6.0 Polearms
 - Level 1.5 Dodging
 - Level 2.1 Stealth
 - Level 6.0 Shields
 - Level 8.0 Spellcasting
 - Level 8.0 Conjurations
 - Level 8.0 Summonings
 - Level 8.0 Necromancy
 - Level 4.0 Air Magic
 - Level 10.0 Earth Magic
 - Level 4.0 Alchemy
 - Level 10.0 Evocations


You had 13 spell levels left.
You knew the following spells:

 Your Spells              Type           Power      Damage    Failure   Level
a - Sandblast             Erth           96%        2d20      1%          1
b - Stone Arrow           Conj/Erth      88%        3d12      1%          3
c - Mephitic Cloud        Conj/Alch/Air  29%        N/A       3%          3
d - Summon Lightning Spi  Summ/Air       32%        N/A       10%         4
e - Borgnjor's Vile Clut  Necr/Erth      22%        N/A       8%          5

Your spell library contained the following spells:

 Spells                   Type           Power      Damage    Failure   Level
 Summon Small Mammal      Summ           100%       N/A       1%          1
 Static Discharge         Conj/Air       64%        3-6/arc   1%          2
 Call Canine Familiar     Summ           40%        N/A       1%          3
 Passwall                 Erth           48%        N/A       1%          3
 Animate Armour           Summ/Erth      88%        N/A       2%          4
 Brom's Barrelling Bould  Conj/Erth      44%        2d6       2%          4
 Dazzling Flash           Conj/Hex       48%        N/A       6%          3
 Hailstorm                Conj/Ice       24%        3d7       6%          3
 Summon Ice Beast         Ice/Summ       24%        N/A       6%          3
 Petrify                  Alch/Erth      36%        N/A       6%          4
 Curse of Agony           Necr           40%        N/A       12%         5
 Airstrike                Air            12%        2d(2-18)  22%         4
 Summon Blazeheart Golem  Fire/Summ      24%        N/A       22%         4
 Teleport Other           Tloc           8%         N/A       32%         3
 Death Channel            Necr           20%        N/A       54%         6
 Silence                  Hex/Air        8%         N/A       80%         5
 Permafrost Eruption      Ice/Erth       14%        2x4d4     91%         6
 Eringya's Noxious Bog    Alch           12%        4d6       97%         6
 Dispersal                Tloc           4%         N/A       100%        6
 Gell's Gavotte           Tloc           4%         2d(13-19) 100%        6
 Sculpt Simulacrum        Ice/Alch       8%         N/A       100%        6
 Lehudib's Crystal Spear  Conj/Erth      22%        10d6      100%        8
 Animate Dead             Necr           Unusable   N/A       N/A         4

Dungeon Overview and Level Annotations

Branches:
Dungeon (12/15)            Temple (1/1) D:4            Lair (5/5) D:11
 Shoals (0/4) Lair:3        Snake (0/4) Lair:2        Slime (0/5) Lair:4
    Orc (0/2) D:11

Altars:
Ashenzari
Cheibriados
Dithmenos
Elyvilon
Fedhas
Gozag
Hepliaklqana
Kikubaaqudgha
Makhleb
Nemelex Xobeh
Okawaru
Qazlal
Ru
Sif Muna
Trog
Uskayaw
Vehumet
Wu Jian
Xom
Yredelemnul
Zin
The Shining One
Beogh

Shops:
D:3 (   D:6 [   D:9 ?   Lair:3 (

Annotations:
D:7 2 transporters, exclusion: ice statue, DEFE's ghost, novice CoFi
D:8 Amaemon; Jeremiah
D:9 exclusion: downstairs
Lair:1 exclusion: downstairs
Lair:3 2 transporters, 1 runed translucent door, Autsider's ghost, journeyman DrAl
Lair:5 Nessos


Innate Abilities, Weirdness & Mutations

You are immune to sickness and miasma.
Your stone body is resilient. (AC +10)
You are immune to poison.
Your large and strong wings let you fly.
You resist negative energy. (rN+)
You are resistant to electric shocks. (rElec)
You are resistant to unholy torment.
You are immune to petrification.


Message History

Nessos kicks you but does no damage.
You see here 16 gold pieces.
You puncture Nessos!
Nessos is moderately wounded.
Nessos hits you but does no damage. Nessos kicks you but does no damage.
Nessos hits you but does no damage. Nessos misses you.
Nessos hits you but does no damage. Nessos kicks you but does no damage.
You hit Nessos.
Nessos is moderately wounded.
Nessos closely misses you. Nessos kicks you but does no damage.
Nessos casts a spell.
Nessos blinks!
Nessos gestures wildly while chanting.
Nessos blinks!
You see here 32 gold pieces.
Nessos gestures wildly while chanting.
Nessos blinks!
Nessos wields a +3 longbow of flaming.
It bursts into flame!
Nessos shoots an arrow.
The arrow hits you. The arrow burns you.
You see here 16 gold pieces.
Nessos casts a spell.
Nessos blinks!
You see here 32 gold pieces.
Nessos casts a spell.
Nessos blinks!
Nessos shoots an arrow.
The arrow hits you but does no damage.
Nessos shoots an arrow.
The arrow hits you! The arrow burns you.
Nessos shoots an arrow.
The arrow hits you! The arrow burns you.
Nessos shoots an arrow.
You block the arrow.
Nessos shoots an arrow.
The arrow hits you. The arrow burns you.
Nessos mumbles some strange words.
Nessos blinks!
Nessos shoots an arrow.
You block the arrow.
As you read the scroll of teleportation, it crumbles to dust.
You feel strangely unstable.
Nessos shoots an arrow.
You block the arrow.
Nessos shoots an arrow.
You block the arrow.
Nessos shoots an arrow.
The arrow hits you!
* * * LOW HITPOINT WARNING * * *
The arrow burns you.
* * * LOW HITPOINT WARNING * * *
Nessos shoots an arrow.
The arrow hits you!!
You die...
Your body crumbles into a pile of gold.

..........#
..#.....###
..........##
.........#.##
...........P#
......#..#####
$....#.#...#.##
......#.....$.#
....#.#....$$@##
... . ##.......#
.. P# #......###
. .# #........##
## #.....c...#
##.......##
#........##
#.........##
#.#........#


You could see Nessos (fast).

Vanquished Creatures
  Harold (D:10)
  A hydra (Lair:3)
  A centaur warrior (D:10)
  A catoblepas (Lair:5)
  Erica (D:10)
  2 death yaks (Lair:4)
  2 two-headed ogres
  Urug (D:10)
  A deep troll (Lair:2)
  A lindwurm (Lair:4)
  Pikel (D:9)
  A manticore (Lair:3)
  3 elephants (Lair:5)
  2 black mambas
  2 cyclopes (D:11)
  9 cane toads
  A gargoyle (D:11)
  A rime drake (Lair:4)
  6 komodo dragons
  3 trolls
  3 polar bears
  5 dream sheep (Lair:4)
  12 blink frogs
  A wraith (D:11)
  28 yaks
  A vampire (D:9)
  3 wyverns
  A steam dragon (D:7)
  2 vampire mosquitoes (Lair:1)
  Grum (D:9)
  4 basilisks
  2 nagas (Lair:2)
  6 water moccasins
  3 orc warriors
  2 swamp drakes (D:11)
  A sky beast (D:4)
  An ice beast (D:7)
  3 black bears
  2 ogres (D:5)
  2 centaurs
  17 wolves
  2 lemures (D:9)
  A phantom (D:5)
  2 kobold brigands
  7 bullfrogs
  Blork the orc (D:5)
  4 scorpions
  4 wights
  4 killer bees (D:9)
  2 howler monkeys
  4 electric eels
  A jelly (D:5)
  2 hounds
  3 gnoll boudas
  4 orc priests
  Terence (D:3)
  6 iguanas
  6 orc wizards
  2 polar bear simulacra (Lair:4)
  Robin (D:2)
  16 gnolls
  8 adders
  A shadow imp (D:5)
  A white imp (D:8)
  2 dart slugs (D:2)
  3 ribbon worms
  28 orcs
  10 ball pythons
  4 bats
  7 endoplasms
  6 giant cockroaches
  16 goblins
  4 hobgoblins
  7 jackals
  19 kobolds
  4 quokkas
  4 frilled lizards (D:1)
  5 rats
  3 river rat simulacra (Lair:4)
346 creatures vanquished.

Vanquished Creatures (collateral kills)
  2 hydras
  2 catoblepae
  2 two-headed ogres
  A death yak (Lair:5)
  A swamp dragon (D:11)
  A necromancer (Lair:4)
  3 elephants
  2 manticores
  3 black mambas
  8 cane toads
  8 komodo dragons
  A rime drake (Lair:4)
  3 polar bears
  10 blink frogs
  4 wyverns
  12 yaks
  3 basilisks
  4 water moccasins
  2 orc warriors (D:11)
  3 wolves
  A centaur (D:9)
  A nameless horror (D:8)
  2 bullfrogs
  2 hounds (D:11)
  3 polar bear simulacra (Lair:4)
  4 orcs (D:11)
  3 river rat simulacra (Lair:4)
91 creatures vanquished.

Vanquished Creatures (others)
  2 electric eels (D:11)
2 creatures vanquished.

Grand Total: 439 creatures vanquished

Notes
Turn   | Place    | Note
-------+----------+-------------------------------------------
     0 | D:1      | wilfster70 the Gargoyle Earth Elementalist began the quest
                  | for the Orb.
     0 | D:1      | Reached XP level 1. HP: 10/10 MP: 3/3
   228 | D:1      | Reached XP level 2. HP: 15/15 MP: 1/5
   857 | D:2      | Reached XP level 3. HP: 19/19 MP: 2/6
   955 | D:2      | Noticed Robin
   969 | D:2      | Reached skill level 5 in Earth Magic
  1052 | D:1      | Learned a level 3 spell: Stone Arrow
  1072 | D:2      | Reached XP level 4. HP: 24/24 MP: 6/8
  1075 | D:2      | Killed Robin
  1744 | D:3      | Found Cusokhlo's Antique Weapon Shoppe.
  1779 | D:3      | Reached XP level 5. HP: 28/28 MP: 5/9
  1799 | D:3      | Noticed Terence
  1806 | D:3      | Killed Terence
  1930 | D:3      | Found a stormy altar of Qazlal.
  2223 | D:3      | Learned a level 3 spell: Mephitic Cloud
  2803 | D:4      | Found a staircase to the Ecumenical Temple.
  2812 | D:4      | Reached XP level 6. HP: 32/32 MP: 6/11
  2826 | Temple   | Entered the Ecumenical Temple
  2904 | Temple   | Became a worshipper of Gozag Ym Sagoz the Greedy
  3082 | D:4      | Got the Book of the Lithosphere and Ceration
  3340 | D:4      | Found an iron altar of Okawaru.
  3381 | D:4      | Noticed a sky beast
  3388 | D:4      | Killed a sky beast
  3389 | D:4      | Reached XP level 7. HP: 36/36 MP: 7/13
  3918 | D:4      | Found a faded altar of an unknown god.
  3918 | D:4      | Found an ornate altar of the Wu Jian Council.
  3931 | D:4      | Found a faded altar of an unknown god.
  3933 | D:4      | Found a glowing golden altar of the Shining One.
  3934 | D:4      | Found a basalt altar of Yredelemnul.
  4178 | D:5      | Entered Level 5 of the Dungeon
  4185 | D:5      | Reached skill level 5 in Conjurations
  4273 | D:5      | Noticed Blork the orc
  4279 | D:5      | Killed Blork the orc
  4280 | D:5      | Reached skill level 1 in Air Magic
  4280 | D:5      | Reached skill level 1 in Alchemy
  4428 | D:5      | Reached XP level 8. HP: 38/41 MP: 5/14
  4629 | D:5      | Found a white marble altar of Elyvilon.
  5061 | D:5      | Identified 2 scrolls of acquirement
  5061 | D:5      | Acquired 868 gold pieces
  5063 | D:5      | Acquired a book of Storms
  5070 | D:5      | Learned a level 4 spell: Summon Lightning Spire
  5246 | D:6      | Bought a glowing cloak for 195 gold pieces
  5246 | D:6      | Bought a pair of glowing gloves for 195 gold pieces
  5472 | D:6      | Found a sacrificial altar of Ru.
  5876 | D:7      | Found a transporter.
  5884 | D:7      | Noticed a wyvern
  5892 | D:7      | Noticed a brown ugly thing
  5893 | D:7      | Noticed an ice statue
  5906 | D:7      | Noticed a two-headed ogre
  5908 | D:7      | Noticed DEFE's ghost (novice CoFi)
  5917 | D:7      | Found a transporter.
  5948 | D:7      | Reached skill level 1 in Summonings
  6374 | D:7      | Reached XP level 9. HP: 45/45 MP: 12/15
  6708 | D:8      | Reached skill level 5 in Summonings
  6882 | D:8      | Noticed an orange demon
  6885 | D:8      | Noticed Amaemon
  7271 | D:9      | Noticed Pikel
  7310 | D:9      | Killed Pikel
  7500 | D:9      | Found Querur's Magic Scroll Shop.
  7643 | D:9      | Noticed a two-headed ogre
  7679 | D:9      | Killed a two-headed ogre
  7680 | D:9      | Reached XP level 10. HP: 16/56 MP: 4/16
  8166 | D:8      | Noticed Jeremiah
  8189 | D:8      | Reached skill level 5 in Fighting
  9121 | D:9      | Noticed Grum
  9129 | D:9      | Reached skill level 1 in Polearms
  9135 | D:9      | Killed Grum
  9433 | D:10     | Entered Level 10 of the Dungeon
  9555 | D:10     | Noticed a two-headed ogre
  9606 | D:10     | Killed a two-headed ogre
 10013 | D:10     | Noticed Harold
 10033 | D:10     | Noticed a centaur warrior
 10035 | D:10     | Killed Harold
 10054 | D:10     | Killed a centaur warrior
 10055 | D:10     | Reached skill level 5 in Polearms
 10055 | D:10     | Reached skill level 5 in Shields
 10055 | D:10     | Reached XP level 11. HP: 33/65 MP: 2/17
 10200 | D:10     | Found a radiant altar of Vehumet.
 10213 | D:10     | Noticed Urug
 10534 | D:10     | Noticed Erica
 10544 | D:10     | Killed Erica
 10598 | D:10     | Found a hazy altar of Hepliaklqana.
 10676 | D:6      | Bought runed steam dragon scales for 1118 gold pieces
 11195 | D:10     | Killed Urug
 11498 | D:10     | Found an ancient bone altar of Kikubaaqudgha.
 11891 | D:11     | Noticed a cyclops
 11906 | D:11     | Killed a cyclops
 11907 | D:11     | Reached skill level 5 in Spellcasting
 12012 | D:11     | Noticed a two-headed ogre
 12057 | D:11     | Noticed a two-headed ogre
 12064 | D:11     | Killed a two-headed ogre
 12509 | D:11     | Found a staircase to the Lair.
 12575 | D:11     | Killed a two-headed ogre
 12603 | D:11     | Noticed a cyclops
 12838 | D:11     | Killed a cyclops
 13111 | D:11     | Found a roughly hewn altar of Beogh.
 13111 | D:11     | Found a staircase to the Orcish Mines.
 13680 | Lair:1   | Entered Level 1 of the Lair of Beasts
 13680 | Lair:1   | Found a broken altar of Ashenzari.
 13692 | Lair:1   | Noticed a swamp dragon
 13694 | Lair:1   | Noticed a six-headed hydra
 13712 | D:11     | Reached XP level 12. HP: 67/71 MP: 10/24
 14004 | D:11     | Killed a six-headed hydra
 14209 | D:11     | Reached skill level 1 in Evocations
 15011 | Lair:1   | Reached skill level 5 in Evocations
 15698 | Lair:2   | Found a staircase to the Snake Pit.
 16495 | Lair:2   | Reached XP level 13. HP: 31/75 MP: 9/25
 17967 | Lair:3   | Found a transporter.
 17994 | Lair:3   | Found a transporter.
 18271 | Lair:3   | Reached skill level 10 in Evocations
 18371 | Lair:2   | Learned a level 5 spell: Borgnjor's Vile Clutch
 18520 | Lair:2   | Reached skill level 1 in Necromancy
 18707 | Lair:3   | Found a staircase to the Shoals.
 19357 | Lair:3   | Found a runed translucent door.
 19360 | Lair:3   | Noticed Autsider's ghost (journeyman DrAl)
 20478 | Lair:4   | Reached skill level 5 in Necromancy
 21108 | Lair:3   | Gained mutation: Your large and strong wings let you fly.
                  | [Gargoyle growth]
 21108 | Lair:3   | Reached XP level 14. HP: 34/80 MP: 17/26
 21620 | Lair:4   | Found a staircase to the Slime Pits.
 22070 | Lair:4   | Identified the +7 lajatang of the Keeping Soothsayer
                  | {speed, rF- Dex+8}
 22652 | Lair:5   | Entered Level 5 of the Lair of Beasts
 23646 | Lair:4   | Reached skill level 10 in Earth Magic
 24245 | Lair:5   | Noticed Nessos
 24264 | Lair:5   | Shot with an arrow by Nessos

Illustrated notes

Levels and vault maps discovered:
D:1:      elethiomel_arrival_quiet, layout_rooms
D:2:      layout_basic, uniq_robin
D:3:      layout_basic, mainiacjoe_overflow_small_starburst, serial_shops,
          nicolae_shop_rolling_square, uniq_terence
D:4:      layout_gridville, mainiacjoe_overflow_paths,
          chequers_temple_overflow_minitemple, minmay_temple_entry_stoned_glass,
          minmay_hedge_maze
D:5:      layout_basic, kennysheep_mini, uniq_blork_the_orc
D:6:      layout_basic, nicolae_ru_path_of_blood
D:7:      layout_loops_ring, nzn_ghost_randoct
D:8:      layout_loops_ring, serial_bayou_pond_c, uniq_amaemon, uniq_jeremiah
D:9:      layout_roguey, serial_shops, nicolae_shop_tiny_waterfront, uniq_pikel,
          uniq_grum
D:10:     layout_layer_cave, mainiacjoe_overflow_alcove_1,
          nicolae_vehumet_radiance, lemuel_doored_altar, uniq_harold, uniq_urug,
          uniq_erica
D:11:     layout_long_grid, erik_lair_island, david_orc_5
D:12:     layout_irregular_city
Temple:   minmay_temple_bridge_abc
Lair:1:   layout_chaotic_city, basic_altar, pond
Lair:2:   dreamdust_cave_troll, layout_chaotic_city,
          guppyfry_snake_entry_garden, beast_lair_carwin_7
Lair:3:   gammafunk_cloud_chamber, layout_layer_cave,
          minmay_shoals_entry_beasts, ebering_ghost_inner_flame,
          grunt_megastairs_2, serial_bayou_shore_a
Lair:4:   regret_index_malice_mire, layout_loops_ring,
          dpeg_slime_entry_enclosed, eino_house_with_fridge
Lair:5:   hangedman_lair_caniforms_friends, layout_cave_pods,
          guppyfry_lair_end_dragon, uniq_nessos

Skill      XL: |  1  2  3  4  5  6  7  8  9 10 11 12 13 14 |
---------------+-------------------------------------------+-----
Earth Magic    | 4 5 6 8 10 | 10.0
Spellcasting   | 3 4 8 |  8.0
Conjurations   | 2 4 5 6 8 |  8.0
Air Magic      | 2 4 |  4.0
Alchemy        | 2 4 |  4.0
Summonings     | 3 8 |  8.0
Fighting       | 3 6 7 |  7.7
Polearms       | 5 6 |  6.0
Shields        | 5 6 |  6.0
Evocations     | 8 10 | 10.0
Necromancy     | 6 8 |  8.0
Dodging        | |  1.5
Stealth        | |  2.1

Action                     |  1- 3 |  4- 6 |  7- 9 | 10-12 | 13-15 || total
---------------------------+-------+-------+-------+-------+-------++-------
  Melee: Unarmed           |     2 |       |       |       |       ||     2
         Dagger            |     5 |    33 |     4 |       |       ||    42
         Trident           |       |       |    18 |   134 |   465 ||   617
  Throw: Dart              |       |       |       |     2 |       ||     2
   Cast: Sandblast         |    50 |    94 |   150 |   320 |    76 ||   690
         Stone Arrow       |       |       |     5 |    49 |     7 ||    61
         Mephitic Cloud    |       |       |     4 |    24 |    22 ||    50
         Summon Lightning  |       |       |     1 |    27 |    57 ||    85
         Borgnjor's Vile C |       |       |       |       |    23 ||    23
 Invoke: Call Merchant     |       |       |     1 |       |     1 ||     2
    Use: Scroll            |     3 |     3 |     9 |    14 |     4 ||    33
         Potion            |       |       |       |     3 |       ||     3
   Stab: Confused          |       |       |       |     4 |     9 ||    13
         Distracted        |       |       |       |     3 |     8 ||    11
 Armour: Robe              |    33 |    59 |       |       |       ||    92
         Leather armour    |       |    10 |   115 |   220 |       ||   345
         Steam dragon scal |       |       |       |   415 |   710 ||  1125
  Dodge: Dodged            |    39 |    47 |    64 |   371 |   346 ||   867
  Block: Buckler           |       |       |       |   103 |   143 ||   246

Table legend: (Time is in decaauts)
 A = Elapsed time spent in this place.
 B = Non-inter-level travel time spent in this place.
 C = Inter-level travel time spent in this place.
 D = Time resting spent in this place.
 E = Time spent auto-exploring this place.
 F = Levels seen in this place.
 G = Mean time per level.
                   A        B        C        D        E       F      G
               +--------+--------+--------+--------+--------+-----+--------+
         Total |  24756 |  23861 |    895 |   8628 |   6885 |  18 | 1375.3 |
       Dungeon |  14471 |  13794 |    677 |   4096 |   4723 |  12 | 1205.9 |
        Temple |    244 |    244 |      0 |    141 |      0 |   1 |  244.0 |
          Lair |  10041 |   9823 |    218 |   4391 |   2161 |   5 | 2008.2 |
               +--------+--------+--------+--------+--------+-----+--------+

Top non-repeatable levels by time:
  Lair:4: 2654 daAuts
  Lair:3: 2574 daAuts
    D:10: 2497 daAuts
  Lair:2: 2137 daAuts
    D:11: 1876 daAuts
     D:9: 1869 daAuts
  Lair:1: 1864 daAuts
     D:7: 1324 daAuts
     D:4: 1170 daAuts
     D:3: 1069 daAuts
     D:8: 1016 daAuts
     D:6: 948 daAuts
     D:5: 927 daAuts
     D:1: 918 daAuts
     D:2: 847 daAuts
